 Dungeon Crawl Stone Soup version 0.28-a0-175-gb2089b6bb7 (webtiles) character file.

Game seed: 6143654807798478634

18 Nattfarinn the Caller (level 2, -7/19 HPs)
             Began as a Barachi Summoner on Aug 17, 2021.
             Mangled by a gnoll (11 damage)
             ... on level 2 of the Dungeon.
             The game lasted 00:02:14 (1750 turns).

Nattfarinn the Caller (Barachi Summoner)            Turns: 1750, Time: 00:02:16

Health: -7/19      AC:  3    Str:  9    XL:     2   Next: 70%
Magic:  2/5        EV: 12    Int: 15    God:
Gold:   52         SH:  0    Dex: 12    Spells: 3/6 levels left

rFire   . . .      SeeInvis .   f - staff of conjuration
rCold   . . .      Faith    .   (no shield)
rNeg    . . .      Spirit   .   a - +0 robe
rPois   .          Reflect  .   (no helmet)
rElec   .          Harm     .   (no cloak)
rCorr   .          Rampage  .   (no gloves)
Will    .....                   h - +0 pair of boots
Stlth   ++........              (no amulet)
HPRegen 0.06/turn               (no ring)
MPRegen 0.09/turn               (no ring)

@: slow
A: amphibious, slowness 1, strong legs 1, +LOS
a: Hop


You were on level 2 of the Dungeon.
You visited 1 branch of the dungeon, and saw 2 of its levels.

You collected 52 gold pieces.

Inventory:

Hand Weapons
 c - a +0 dagger
Armour
 a - a +0 robe (worn)
 h - a +0 pair of boots (worn)
Magical Staves
 f - a staff of conjuration (weapon)
Scrolls
 b - a scroll of blinking {unknown}
 d - a scroll of teleportation {unknown}
 e - a scroll of identify {unknown}
 g - a scroll of torment {unknown}
Potions
 i - a potion of flight {unknown}


   Skills:
 - Level 2.1 Dodging
 - Level 1.7 Stealth
 + Level 2.6 Spellcasting
 * Level 5.4 Summonings


You had 3 spell levels left.
You knew the following spells:

 Your Spells              Type           Power      Damage    Failure   Level
a - Summon Small Mammal   Summ           72%        N/A       2%          1
b - Call Imp              Summ           18%        N/A       3%          2

Your spell library contained the following spells:

 Spells                   Type           Power      Damage    Failure   Level
 Call Canine Familiar     Summ           18%        N/A       7%          3
 Summon Guardian Golem    Hex/Summ       10%        N/A       21%         3
 Summon Lightning Spire   Summ/Air       10%        N/A       56%         4


Dungeon Overview and Level Annotations

Branches:
Dungeon (2/15)

Altars:


Innate Abilities, Weirdness & Mutations

You are amphibious.
You cover ground slowly.
You can hop short distances.
You have an extended range of vision and can be seen from far away.


Message History

Unknown command.
You don't have enough magic to cast this spell.
Your crimson imp hits the gnoll but does no damage.
The gnoll closely misses you.
Your shadow imp closely misses the gnoll.
Your crimson imp hits the gnoll.
Your shadow imp gestures at the gnoll.
The gnoll writhes in agony!
The gnoll dies!
You swap places.
A gnoll comes into view. It is wielding a +0 halberd.
You swap places.
The gnoll falls through a shaft!
The shaft crumbles and collapses.
Your crimson imp disappears in a puff of smoke!
A gnoll is nearby!
A beastly little devil appears in a puff of flame.
You don't have enough magic to cast this spell.
You don't have enough magic to cast this spell.
What are your orders? t - Croak!
Orders for allies: a - Attack new target. r - Retreat! s - Stop attacking. g - Guard the area. f - Follow me.
Anything else - Cancel.
Gang up on whom?
Press: ? - help, Dir - move target, f - gnoll
Aim: a gnoll, wielding a +0 flail (ally target) Attack!
Your shadow imp hits the gnoll.
Your shadow imp closely misses the gnoll.
Your crimson imp hits the gnoll.
The gnoll hits you with a +0 flail!
Ouch! That really hurt!
* * * LOW HITPOINT WARNING * * *
You barely miss the gnoll.
The gnoll is severely wounded.
Your shadow imp closely misses the gnoll.
Your crimson imp blinks!
The gnoll hits you with a +0 flail!
Ouch! That really hurt!
You die...

#......g....# #.#
#....# #.
...#####.####.#
###.# ###.## #.
#.####.###...# #.#
#.
#.#........#.#####.#
#.
#.#......).#.......#
#.
#.#........#..######
#. #....5..ยง.....#
.. ###.....5g.##.#
#...)..@.##.#
#........##.#
####.###.##.# #....#
#.##.# #.#### #.##.#
# #..... #.. ## ..#
#.#


You could see a gnoll (ally target), a friendly crimson imp (summoned) and a
friendly shadow imp (summoned).

Vanquished Creatures
  A giant cockroach (D:1)
  A hobgoblin (D:1)
  A ball python (D:1)
  A bat (D:1)
4 creatures vanquished.

Vanquished Creatures (collateral kills)
  A gnoll (D:2)
  A dart slug (D:1)
  A ball python (D:1)
  A bat (D:1)
  An endoplasm (D:1)
  2 goblins (D:1)
  2 kobolds
  A frilled lizard (D:1)
  2 rats (D:1)
12 creatures vanquished.

Grand Total: 16 creatures vanquished

Notes
Turn   | Place    | Note
-------+----------+-------------------------------------------
     0 | D:1      | Nattfarinn the Barachi Summoner began the quest for the
                  | Orb.
     0 | D:1      | Reached XP level 1. HP: 13/13 MP: 3/3
   221 | D:1      | Reached skill level 5 in Summonings
   467 | D:1      | Found a faded altar of an unknown god.
   511 | D:1      | Reached XP level 2. HP: 7/19 MP: 0/5
   514 | D:1      | Learned a level 2 spell: Call Imp
  1750 | D:2      | Mangled by a gnoll

Illustrated notes

Levels and vault maps discovered:
D:1:      giann_horns, layout_loops_ring, basic_ecumenical_altar
D:2:      layout_loops_ring

Skill      XL: |  1 |
---------------+----+-----
Summonings     | 5 |  5.4
Dodging        | |  2.1
Stealth        | |  1.7
Spellcasting   | |  2.6

Action                   || total
-------------------------++-------
Melee: Dagger            ||    24
       Unarmed           ||    12
       Staff             ||    18
 Cast: Summon Small Mamm ||    17
       Call Imp          ||     6
 Abil: Hop               ||     1
 Stab: Sleeping          ||     2
Armor: Robe              ||     9
Dodge: Dodged            ||    55

Table legend: (Time is in decaauts)
 A = Elapsed time spent in this place.
 B = Non-inter-level travel time spent in this place.
 C = Inter-level travel time spent in this place.
 D = Time resting spent in this place.
 E = Time spent auto-exploring this place.
 F = Levels seen in this place.
 G = Mean time per level.
                   A        B        C        D        E       F      G
               +--------+--------+--------+--------+--------+-----+--------+
         Total |   1870 |   1863 |      7 |    442 |   1189 |   2 |  935.0 |
       Dungeon |   1870 |   1863 |      7 |    442 |   1189 |   2 |  935.0 |
               +--------+--------+--------+--------+--------+-----+--------+

Top non-repeatable levels by time:
     D:1: 1496 daAuts
     D:2: 374 daAuts
